 Dungeon Crawl Stone Soup version 0.26.0-16-gc1dbca0489 (webtiles) character file.

Game seed: 4197230186540251860

51 thiole the Sneak (level 3, -11/21 HPs)
             Began as an Octopode Hedge Wizard on Jan 19, 2021.
             Killed by nerve-wracking pain
             ... invoked by an orc priest
              (12 damage)
             ... on level 3 of the Dungeon.
             The game lasted 00:01:57 (2272 turns).

thiole the Sneak (Octopode Hedge Wizard)            Turns: 2272, Time: 00:01:58

Health: -11/21     AC:  1    Str:  9    XL:     3   Next: 81%
Magic:  1/7        EV: 13    Int: 17    God:
Gold:   95         SH:  0    Dex: 11    Spells: 7/8 levels left

rFire    . . .     SeeInvis .   d - +4 dagger
rCold    . . .     Faith    .   (no shield)
rNeg     . . .     Spirit   .   b - +0 hat
rPois    .         Reflect  .   (no amulet)
rElec    .         Harm     .   (no ring)
rCorr    .         Rampage  .   (no ring)
Will     .....                  (no ring)
Stlth    +++.......             (no ring)
HPRegen  0.07/turn              (no ring)
MPRegen  0.10/turn              (no ring)
                                (no ring)
                                (no ring)

@: no status effects
A: almost no armour, stealthy swim, amphibious, 8 rings, constrict 8, camouflage
1, gelatinous body 1
a: no special abilities


You were on level 3 of the Dungeon.
You visited 1 branch of the dungeon, and saw 3 of its levels.

You collected 95 gold pieces.

Inventory:

Hand Weapons
 a - a +0 dagger
 d - a +4 dagger (weapon)
 e - a cursed -2 short sword
Armour
 b - a +0 hat (worn)
Jewellery
 g - a cursed amulet of inaccuracy {unknown}
Scrolls
 j - a scroll of identify {unknown}
Potions
 c - 2 potions of curing {unknown}
 f - a potion of invisibility {unknown}
 h - 2 potions of heal wounds {unknown}
 i - a potion of cancellation {unknown}
 k - a potion of attraction {unknown}
 l - 2 potions of haste {unknown}
 m - a potion of flight {unknown}


   Skills:
 + Level 2.4 Dodging
 + Level 3.3 Stealth
 + Level 3.2 Spellcasting
 - Level 2.0 Conjurations
 - Level 2.0 Summonings
 - Level 1.0 Translocations


You had 7 spell levels left.
You knew the following spells:

 Your Spells              Type           Power        Failure   Level
a - Magic Dart            Conj           36%          8%          1

Your spell library contained the following spells:

 Spells                   Type           Power        Failure   Level
 Call Imp                 Summ           9%           12%         2
 Blink                    Tloc           N/A          17%         2
 Slow                     Hex            2%           26%         2
 Conjure Flame            Conj/Fire      6%           34%         3
 Mephitic Cloud           Conj/Pois/Air  4%           36%         3


Dungeon Overview and Level Annotations

Branches:
Dungeon (3/15)

Altars:


Innate Abilities, Weirdness & Mutations

You cannot wear most types of armour.
You are very stealthy in the water. (Stealth+)
You are amphibious.
You can wear up to eight rings at the same time.
You can use your tentacles to constrict eight enemies at once.
Your skin changes colour to match your surroundings (Stealth+).
Your rubbery body absorbs attacks. (AC +1, EV +1)


Message History

You hit the orc priest.
The orc priest is heavily wounded.
You constrict the orc priest, but do no damage.
The orc priest barely misses you.
You hit the orc priest but do no damage.
The orc priest is heavily wounded.
You constrict the orc priest. The orc priest hits you with a +0 whip.
* * * LOW HITPOINT WARNING * * *
You hit the orc priest but do no damage.
The orc priest is heavily wounded.
You constrict the orc priest, but do no damage.
The orc priest hits you but does no damage.
You hit the orc priest but do no damage.
Your squeeze misses the orc priest.
The orc priest is heavily wounded.
You constrict the orc priest, but do no damage.
The orc priest calls down the wrath of Beogh upon you.
Pain shoots through your body!
Ouch! That really hurt!
You die...

.#.#
#######.#.###
.... ...?...
... .......
#.. ..#....
######.##....#
..........g.$#
#....@o).#
#.#.###...#
#.# ..# #<# .#
#.# # #.# #..
#.# ..#


You could see an orc priest and a hobgoblin.

Vanquished Creatures
  An ooze (D:1)
  2 dart slugs
  3 leopard geckos (D:1)
  An orc (D:2)
  6 bats
  4 giant cockroaches
  2 hobgoblins (D:1)
  3 jackals (D:1)
  5 kobolds
  A frilled lizard (D:1)
  4 goblins
  3 rats (D:1)
35 creatures vanquished.

Notes
Turn   | Place    | Note
-------+----------+-------------------------------------------
     0 | D:1      | thiole the Octopode Hedge Wizard began the quest for the
                  | Orb.
     0 | D:1      | Reached XP level 1. HP: 11/11 MP: 4/4
   170 | D:1      | Reached XP level 2. HP: 17/17 MP: 3/6
   554 | D:1      | Reached XP level 3. HP: 21/21 MP: 0/7
  2270 | D:3      | HP: 1/21 [orc priest/+0 whip (3)]
  2272 | D:3      | Killed from afar by an orc priest

Illustrated notes

Levels and vault maps discovered:
D:1:      evilmike_arrival_crescent, layout_rooms
D:2:      layout_basic
D:3:      layout_basic, chequers_temple_overflow_statue_of_worship,
          minmay_circle_x

Skill      XL: |  1  2  3 |
---------------+----------+-----
Stealth        | 3 |  3.3
Conjurations   | 2 |  2.0
Summonings     | 2 |  2.0
Dodging        | |  2.4
Spellcasting   | |  3.2
Translocations | |  1.0

Action                   || total
-------------------------++-------
Melee: Dagger            ||    45
       Constrict         ||    11
       Tentacles         ||     6
 Cast: Magic Dart        ||    63
Armor: Skin              ||     5
Dodge: Dodged            ||    27
